 Dungeon Crawl Stone Soup version 0.14.0-7-g2801ba0 (webtiles) character file.

546 Ragg the Ruinous (level 6, -9/32 HPs)
             Began as a Deep Elf Conjurer on Apr 13, 2014.
             Mangled by Grinder (12 damage)
             ... on Level 4 of the Dungeon.
             The game lasted 00:14:26 (3488 turns).

Ragg the Ruinous (Deep Elf Conjurer)                Turns: 3488, Time: 00:14:26

HP  -9/32        AC  3     Str  5      XL: 6   Next: 45%
MP  11/21        EV 13     Int 22      God:
Gold 168         SH  0     Dex 15      Spells:  4 memorised,  3 levels left

rFire  . . .     SeeInvis .     y - +0,+2 dagger (speed)
rCold  . . .     Clarity  .     A - +0 robe
rNeg   . . .     Conserve .     (no shield)
rPois  .         rCorr    +     (no helmet)
rElec  .         rRot     .     (no cloak)
SustAb . .       Spirit   .     l - +0 pair of gloves
rMut   .         Warding  .     (no boots)
Saprov . . .     Stasis   .     o - amulet of resist corrosion
MR     .....                    (no ring)
                                x - ring of invisibility

@: not resistant to hostile enchantments, fairly stealthy
A: no striking features
a: Evoke Invisibility


You were on level 4 of the Dungeon.
You were not hungry.

You visited 1 branch of the dungeon, and saw 4 of its levels.

You collected 168 gold pieces.

Inventory:

Hand weapons
 y - a +0,+2 dagger of speed (weapon)
Missiles
 g - 7 curare-tipped needles
 n - 12 poisoned needles
Armour
 l - a +0 pair of gloves (worn)
 A - a +0 robe (worn)
Magical devices
 j - a wand of lightning (2)
 m - a wand of magic darts (9)
Comestibles
 b - 5 bread rations
 f - a meat ration
 w - a cheese
Scrolls
 k - a scroll of teleportation
 q - 3 scrolls of identify
 r - a scroll of fog {unknown}
 s - 2 scrolls of blinking {unknown}
 C - a scroll of fear {unknown}
Jewellery
 e - an uncursed amulet of guardian spirit
 o - an amulet of resist corrosion (around neck)
 x - a ring of invisibility (left hand)
Potions
 a - a potion of heal wounds {unknown}
 d - a potion of curing
 h - a potion of haste {unknown}
 i - 2 potions of agility {unknown}
 p - 2 potions of restore abilities {unknown}
 v - a potion of flight {unknown}
 z - a potion of might
 B - a potion of magic {unknown}
Books
 c - a book of Conjurations

   Spells                             Type                      Level
   *Magic Dart                        Conjuration                  1
   *Searing Ray                       Conjuration                  2
   Dazzling Spray                     Conjuration/Hexes            3
   Fulminant Prism                    Conjuration/Hexes            4
   *Iskenderun's Mystic Blast         Conjuration                  4
   *Iskenderun's Battlesphere         Conjuration/Charms           5
 u - a book of Transfigurations

   Spells                             Type                      Level
   Stoneskin                          Transmutation/Earth          2
   Ice Form                           Ice/Transmutation            4
   Statue Form                        Transmutation/Earth          6
   Dragon Form                        Transmutation                7


   Skills:
 - Level 2.4 Dodging
 - Level 2.4 Stealth
 - Level 5.4 Spellcasting
 - Level 6.3 Conjurations
 + Level 5.3 Charms


You had 3 spell levels left.
You knew the following spells:

 Your Spells              Type           Power        Failure   Level  Hunger
a - Magic Dart            Conj           ####         1%          1    None
b - Iskenderun's Battles  Conj/Chrm      ####....     28%         5    #####..
c - Iskenderun's Mystic   Conj           ####....     10%         4    ####...
d - Searing Ray           Conj           ####..       1%          2    None


Dungeon Overview and Level Annotations

Branches:
Dungeon (4/15)
 Temple: D:4-7

Altars:
Kikubaaqudgha
Zin

Shops:
D:4 [

Annotations:
D:4 Grinder


Message History

Grinder is moderately wounded.
Grinder gestures at you.
You struggle to resist.
Casting: Magic Dart
Confirm with . or Enter, or press ? or * to list all spells.
Aiming: Magic Dart
Press: ? - help, Shift-Dir - straight line, f/p - Grinder
Aim: Grinder (moderately wounded)
The magic dart hits Grinder.
Grinder is moderately wounded.
Grinder drinks a potion.
Grinder seems to grow stronger.
Casting: Magic Dart
Confirm with . or Enter, or press ? or * to list all spells.
Aiming: Magic Dart
Press: ? - help, Shift-Dir - straight line, f/p - Grinder
Aim: Grinder (moderately wounded, unusually strong)
The magic dart hits Grinder.
Grinder is heavily wounded.
Grinder hits you!
You die...

#..)...# ###
#...5..# ..##
#......#
...########.5....#
.......(....####.#
............# #.#
............# #.#
....#####...# #5#
....# #...# #@#
...## #...# #.#
...# #...# #.#
#..# #...# #.#
#.## #...# #.# #.#
#...####.# #.#
#........# #.#
#........#
#.#######........#


You could see Grinder.

Vanquished Creatures
  A hound (D:4)
  An orc priest (D:4)
  2 worker ants (D:4)
  An iguana (D:4)
  An orc wizard (D:4)
  Jessica (D:3)
  A hound skeleton (D:4)
  5 adders
  A gnoll (D:1)
  A giant mite (D:3)
  4 worms
  A giant gecko (D:4)
  An ooze (D:3)
  14 orcs
  A bat skeleton (D:4)
  2 giant cockroaches
  11 goblins
  7 hobgoblins
  4 jackals
  3 quokkas
  A ball python (D:4)
  6 bats
  A giant gecko zombie (D:3)
  3 giant newts
  13 kobolds
  8 rats
95 creatures vanquished.

Notes
Turn   | Place    | Note
--------------------------------------------------------------
     0 | D:1      | Ragg, the Deep Elf Conjurer, began the quest for the Orb.
     0 | D:1      | Reached XP level 1. HP: 10/10 MP: 5/5
   178 | D:1      | Reached XP level 2. HP: 15/15 MP: 3/8
   488 | D:1      | Reached skill level 5 in Conjurations
   500 | D:1      | Reached XP level 3. HP: 19/19 MP: 10/12
  1384 | D:2      | Found an ancient bone altar of Kikubaaqudgha.
  1643 | D:2      | Reached XP level 4. HP: 24/24 MP: 13/15
  1898 | D:3      | Reached skill level 5 in Spellcasting
  2012 | D:3      | Found a glowing silver altar of Zin.
  2112 | D:3      | Noticed Jessica
  2125 | D:3      | Killed Jessica
  2202 | D:3      | Reached XP level 5. HP: 28/28 MP: 14/19
  2209 | D:3      | Learned a level 5 spell: Iskenderun's Battlesphere
  2405 | D:4      | Reached skill level 6 in Conjurations
  2427 | D:4      | Learned a level 4 spell: Iskenderun's Mystic Blast
  2430 | D:4      | Learned a level 2 spell: Searing Ray
  2444 | D:4      | Reached skill level 1 in Charms
  2599 | D:4      | Found Lukyf's Armour Emporium.
  2648 | D:4      | Reached XP level 6. HP: 18/32 MP: 4/21
  3330 | D:4      | Noticed Grinder
  3331 | D:4      | Paralysed by Grinder for 7 turns
  3345 | D:4      | Paralysed by Grinder for 5 turns
  3355 | D:4      | Paralysed by Grinder for 5 turns
  3480 | D:4      | Reached skill level 5 in Charms
  3488 | D:4      | Mangled by Grinder

Action                   |  1- 3 |  4- 6 || total
-------------------------+-------+-------++-------
Melee: Hand axe          |     2 |       ||     2
       Dagger            |       |     2 ||     2
 Cast: Magic Dart        |    84 |   171 ||   255
       Iskenderun's Myst |       |     6 ||     6
Evoke: Wand              |       |     2 ||     2
  Use: Scroll            |       |     4 ||     4
       Potion            |       |     2 ||     2
